 Dungeon Crawl Stone Soup version 0.29-a0-648-g6b26cc9f40 (webtiles) character file.

Game seed: 10128416536323054916

76 Vylera the Twirler (level 4, -2/31 HPs)
             Began as a Djinni Wanderer on June 21, 2022.
             Was a Follower of Elyvilon.
             Slain by a kobold
             ... wielding a +0 short sword
              (4 damage)
             ... on level 3 of the Dungeon.
             The game lasted 00:02:46 (2528 turns).

Vylera the Twirler (Djinni Wanderer)                Turns: 2528, Time: 00:02:47

Health: -2/31      AC:  3    Str: 11    XL:     4   Next: 57%
Gold:   136        EV: 11    Int: 16    God:    Elyvilon [*.....] SH:  0 Dex: 12

rFire   + + .      SeeInvis .   a - +2 quarterstaff
rCold   x . .      Faith    .   (shield currently unavailable)
rNeg    . . .      Spirit   .   d - +0 robe
rPois   ∞          Reflect  .   (no helmet)
rElec   .          Harm     .   (no cloak)
rCorr   .          Rampage  .   b - +0 pair of gloves
Will    .....                   (boots unavailable)
Stlth   ++........              (no amulet)
HPRegen 0.10/turn               (no ring)
MPRegen 0.00/turn               (no ring)

@: flying
A: sickness immunity, fire resistance 2, cold vulnerability 1, float, innate
caster, HP casting, extra vitality 1
a: Renounce Religion, Purification


You were on level 3 of the Dungeon.
You worshipped Elyvilon.
Elyvilon was aware of your devotion.
You visited 1 branch of the dungeon, and saw 3 of its levels.

You collected 136 gold pieces.

Inventory:

Hand Weapons
 a - a +2 quarterstaff (weapon)
Armour
 b - a +0 pair of gloves (worn)
 d - a +0 robe (worn)
Magical Staves
 q - a staff of cold
Scrolls
 c - 3 scrolls of blinking
 i - a scroll of fear {unknown}
 j - a scroll of poison {unknown}
 k - 2 scrolls of identify {unknown}
 m - a scroll of fog {unknown}
 o - a scroll of immolation {unknown}
Potions
 e - a potion of cancellation {unknown}
 f - a potion of mutation {unknown}
 g - 3 potions of brilliance {unknown}
 h - 2 potions of flight {unknown}
 l - a potion of berserk rage {unknown}
 n - a potion of curing {unknown}
 p - a potion of heal wounds {unknown}


   Skills:
 * Level 4.0 Staves
 - Level 1.0 Throwing
 - Level 1.1 Dodging
 - Level 1.5 Stealth
 + Level 3.0 Spellcasting


You had 4 spell levels left.
You knew the following spells:

 Your Spells              Type           Power      Damage    Failure   Level
a - Summon Guardian Gole  Hex/Summ       12%        N/A       16%         3
b - Slow                  Hex            48%        N/A       5%          1
c - Freeze                Ice            48%        1d7       5%          1

Your spell library contained the following spells:

 Spells                   Type           Power      Damage    Failure   Level


Dungeon Overview and Level Annotations

Branches:
Dungeon (3/15)

Altars:
Elyvilon


Innate Abilities, Weirdness & Mutations

You are immune to sickness and miasma.
You are immune to poison.
Your flesh is very heat resistant. (rF++)
You are vulnerable to cold. (rC-)
You float through the air rather than walking.
You learn spells naturally, not from books.
Your magical power is your life essence.
You have superior vitality. (+4 MHP)


Message History

The hobgoblin barely misses you. The orc hits you with a +0 mace.
The hobgoblin hits you.
* * * LOW HITPOINT WARNING * * *
You are too injured to fight recklessly!
The orc attacks as you move away! The orc hits you with a +0 mace.
* * * LOW HITPOINT WARNING * * *
The hobgoblin attacks as you move away! The hobgoblin barely misses you.
You barely miss the hobgoblin. The hobgoblin barely misses you.
You thump the hobgoblin!
You kill the hobgoblin!
You hit the orc.
The orc is severely wounded.
The orc closely misses you.
You hit the orc.
You kill the orc!
Your Spellcasting skill increases to level 3!
You hit the endoplasm.
The endoplasm is almost dead.
The endoplasm hits you.
* * * LOW HITPOINT WARNING * * *
You hit the endoplasm.
You kill the endoplasm!
You start resting.
A kobold is nearby!
Things that are here:
a +0 mace; 8 gold pieces You hit the kobold.
The kobold is severely wounded.
The kobold barely misses you.
You closely miss the kobold.
The kobold is severely wounded.
The kobold hits you with a +0 short sword.
* * * LOW HITPOINT WARNING * * *
You closely miss the kobold.
The kobold is severely wounded.
The kobold barely misses you.
You barely miss the kobold.
The kobold is severely wounded.
The kobold hits you with a +0 short sword.
You die...

#.. #.. #### .#..##.##..#.##
#..##.# ...##.##.##.#...#...
#..#..# $..#..#.##...#....#
#..#..#. #(.#..#.........†..
#.....#.!##?....#............
#.....#K.$$.....#............
#.....##..o....##............
#.....######†.#.............
##..#.†....@K##.........####
#..###....###.......^..#
##...######............#
###........############
##########


You could see a kobold.

Vanquished Creatures
  2 adders
  2 worms (D:2)
  A dart slug (D:2)
  4 orcs (D:3)
  2 ball pythons
  5 bats
  4 endoplasms
  3 giant cockroaches
  4 goblins
  4 hobgoblins (D:3)
  2 jackals (D:3)
  A quokka (D:2)
  A frilled lizard (D:1)
  3 kobolds
  4 rats
42 creatures vanquished.

Notes
Turn   | Place    | Note
-------+----------+-------------------------------------------
     0 | D:1      | Vylera the Djinni Wanderer began the quest for the Orb.
     0 | D:1      | Vylera set off with the following items: a +2 quarterstaff,
                  | a +0 pair of gloves, a scroll of blinking, a +0 robethe
                  | following spells memorised: Summon Guardian Golem, Slow.
     0 | D:1      | Reached XP level 1. HP: 15/15 MP: 0/0
    17 | D:1      | Noticed a minotaur zombie
   259 | D:1      | Reached skill level 3 in Staves
   261 | D:1      | Reached XP level 2. HP: 17/21 MP: 0/0
  1140 | D:2      | Reached XP level 3. HP: 15/25 MP: 0/0
  1140 | D:2      | Learned a level 1 spell: Freeze
  1977 | D:2      | Found a faded altar of an unknown god.
  1985 | D:2      | Prayed at the altar of an unknown god.
  1985 | D:2      | Became a worshipper of Elyvilon the Healer
  1985 | D:2      | Reached * piety under Elyvilon
  2248 | D:3      | Reached XP level 4. HP: 23/31 MP: 0/0
  2438 | D:3      | Reached skill level 4 in Staves
  2528 | D:3      | Slain by a kobold

Illustrated notes

Levels and vault maps discovered:
D:1:      shiori_arrival_whats_in_store_for_you, layout_basic
D:2:      kennysheep_big_flooded_room, layout_basic,
          hellmonk_ecumenical_altar_crossroads
D:3:      minmay_spotlight, layout_rooms, minmay_randomly_rotated_circles,
          uniq_ijyb

Skill      XL: |  1  2  3  4 |
---------------+-------------+-----
Staves         | 3 4 |  4.0
Spellcasting   | 3 |  3.0
Throwing       | |  1.0
Dodging        | |  1.1
Stealth        | |  1.5

Action                   |  1- 3 |  4- 6 || total
-------------------------+-------+-------++-------
Melee: Quarterstaff      |    75 |    32 ||   107
 Stab: Sleeping          |     3 |       ||     3
Armor: Robe              |    14 |     3 ||    17
Dodge: Dodged            |    53 |    24 ||    77

Table legend: (Time is in decaauts)
 A = Elapsed time spent in this place.
 B = Non-inter-level travel time spent in this place.
 C = Inter-level travel time spent in this place.
 D = Time resting spent in this place.
 E = Time spent auto-exploring this place.
 F = Levels seen in this place.
 G = Mean time per level.
                   A        B        C        D        E       F      G
               +--------+--------+--------+--------+--------+-----+--------+
         Total |   2540 |   2515 |     25 |      2 |   2224 |   3 |  846.7 |
       Dungeon |   2540 |   2515 |     25 |      2 |   2224 |   3 |  846.7 |
               +--------+--------+--------+--------+--------+-----+--------+

Top non-repeatable levels by time:
     D:2: 1182 daAuts
     D:1: 1066 daAuts
     D:3: 290 daAuts
